 Dungeon Crawl Stone Soup version 0.30-a0-358-g0d69a1922f (webtiles) character file.

Game seed: 16041000762531748779

4762 Ijustatesigmund the Thaumaturge (level 10, -3/84 HPs)
             Began as a Deep Elf Necromancer on Nov 8, 2022.
             Was a Follower of Makhleb.
             Slain by a killer bee (4 damage)
             ... on level 8 of the Dungeon on Nov 9, 2022.
             The game lasted 00:31:17 (11507 turns).

Ijustatesigmund the Thaumaturge (DENe)             Turns: 11507, Time: 00:31:17

Health: -3/84      AC: 25    Str: 11    XL:     10   Next: 23%
Magic:  12/26      EV:  2    Int: 25    God:    Makhleb [*.....]
Gold:   717        SH:  5    Dex: 15    Spells: 17/29 levels left

rFire   . . .      SeeInvis .    c - +2 dagger (venom)
rCold   . . .      Faith    .    u - +0 buckler
rNeg    + . .      Spirit   .    (body armour currently unavailable)
rPois   +          Reflect  .    (helmet currently unavailable)
rElec   .          Harm     .    (cloak currently unavailable)
rCorr   .          Rampage  .    (gloves currently unavailable)
Will    +....      NoTele   +    (boots currently unavailable)
Stlth   ++........               (no amulet)
HPRegen 0.34/turn                h - +6 ring of strength
MPRegen 0.20/turn                q - ring of positive energy

@: lethally poisoned (-3 -> -16), tree-form
A: stationary, stasis, torment immunity, boosted hp
a: Renounce Religion


You were on level 8 of the Dungeon.
You worshipped Makhleb.
Makhleb was aware of your devotion.
You were a tree.
You visited 2 branches of the dungeon, and saw 10 of its levels.

You collected 717 gold pieces.

Inventory:

Hand Weapons
 c - a +2 dagger of venom (weapon)
Armour
 a - +0 steam dragon scales (melded)
 u - a +0 buckler (worn)
Jewellery
 h - a +6 ring of strength (left branch)
 q - a ring of positive energy (right branch)
 s - a ring of protection from fire
Wands
 p - a wand of polymorph (13)
 r - a wand of paralysis (13)
 w - a wand of iceblast (1)
Scrolls
 g - 2 scrolls of poison
 m - 2 scrolls of teleportation
 n - 2 scrolls of immolation
 t - a scroll of butterflies
 v - a scroll of identify
 x - a scroll of enchant weapon {unknown}
Potions
 b - a potion of magic
 d - a potion of cancellation
 e - 2 potions of attraction
 f - 2 potions of haste
 i - a potion of brilliance
 k - a potion of flight
 l - a potion of berserk rage
 o - 2 potions of mutation


   Skills:
 - Level 4.0 Fighting
 - Level 2.3 Short Blades
 - Level 5.6 Dodging
 - Level 2.4 Stealth
 - Level 2.9 Shields
 - Level 10.4 Spellcasting
 - Level 10.3 Necromancy
 + Level 2.2 Air Magic
 + Level 5.3 Invocations
 - Level 3.5 Evocations


You had 17 spell levels left.
You knew the following spells:

 Your Spells              Type           Power      Damage    Failure   Level
a - Necrotise             Necr           100%       1d9       1%          1
b - Vampiric Draining     Necr           60%        2d10      1%          3
c - Agony                 Necr           60%        N/A       2%          5
d - Swiftness             Air            24%        N/A       8%          3

Your spell library contained the following spells:

 Spells                   Type           Power      Damage    Failure   Level
 Animate Dead             Necr           60%        N/A       1%          4
 Slow                     Hex            52%        N/A       6%          1
 Anguish                  Hex/Necr       19%        N/A       8%          4
 Ensorcelled Hibernation  Hex/Ice        26%        N/A       10%         2
 Passwall                 Tmut/Erth      10%        N/A       10%         2
 Summon Lightning Spire   Summ/Air       18%        N/A       36%         4
 Cause Fear               Hex            6%         N/A       52%         4
 Monstrous Menagerie      Summ           6%         N/A       100%        7


Dungeon Overview and Level Annotations

Branches:
Dungeon (9/15)             Temple (1/1) D:6
   Lair: D:8-11         Orc: D:9-12

Altars:
Cheibriados
Dithmenos
Elyvilon
Fedhas
Gozag
Hepliaklqana
Makhleb
Nemelex Xobeh
Okawaru
Qazlal
Ru
Sif Muna
Trog
Uskayaw
Vehumet
Wu Jian
Xom
Yredelemnul
Zin
The Shining One


Message History

* * * LOW HITPOINT WARNING * * *
Okay, then.
Okay, then.
Casting: Vampiric Draining (safe; 1% risk of failure)
Confirm with . or Enter, or press ? or * to list all spells.
Aiming: Vampiric Draining (safe; 1% risk of failure)
Press: ? - help, Shift-Dir - straight line, f - orc priest
Aim: an orc priest, wielding a +0 falchion You draw life force from the orc priest!
You feel life coursing into your body!
You feel very sick. The killer bee stings you!
* * * LOW HITPOINT WARNING * * *
You block the killer bee's attack. The killer bee misses you.
The killer bee completely misses you. The orc priest closely misses you.
Casting: Vampiric Draining (safe; 1% risk of failure)
Confirm with . or Enter, or press ? or * to list all spells.
Aiming: Vampiric Draining (safe; 1% risk of failure)
Press: ? - help, Shift-Dir - straight line, f/p - orc priest
Aim: an orc priest, wielding a +0 falchion (almost dead)
You draw life force from the orc priest!!
You kill the orc priest!
Makhleb accepts your kill.
* * * LOW HITPOINT WARNING * * *
You feel very sick. The killer bee stings you.
* * * LOW HITPOINT WARNING * * *
The killer bee stings you but does no damage. x2
The killer bee barely misses you.
Really quaff the potion of lignification?
You turn into a tree.
Your +0 steam dragon scales melds into your body.
Your roots penetrate the ground.
* * * LOW HITPOINT WARNING * * *
You feel very sick. You block the killer bee's attack.
The killer bee stings you.
* * * LOW HITPOINT WARNING * * *
You are more poisoned.
The killer bee poisons you! The killer bee stings you.
You die...

###' #... #.## #.#.
#####.#. #### #...#...
#..# ######.#.####
#..#### #......#.....
##.†♣y###.######.....
##y#)....######..(..
#.###......).......
#####.#.........#######
#........#.#.#### #####
##.######.....# #...#
#..# #.....######....
##.########.............#
#..................##...#


You could see 2 killer bees.

Vanquished Creatures
  Joseph (D:8)
  A kobold demonologist (D:6)
  2 trolls
  Prince Ribbit (D:6)
  Sigmund (D:2)
  Grum (D:8)
  A steam dragon (D:7)
  A water moccasin (D:5)
  3 orc warriors (D:8)
  2 ice beasts
  A sky beast (D:7)
  4 wolves
  A centaur (D:8)
  2 phantoms
  2 kobold brigands (D:6)
  2 bullfrogs
  2 scorpions
  4 wights
  3 killer bees
  6 howler monkeys
  A crimson imp (D:6)
  8 orc priests
  4 jellies
  A gnoll bouda (D:7)
  A hound (D:4)
  2 iguanas
  5 orc wizards
  Robin (D:2)
  3 gnolls (D:7)
  3 adders
  2 white imps
  An ufetubus (D:4)
  3 dart slugs
  33 orcs
  7 ball pythons
  7 endoplasms
  2 giant cockroaches
  6 hobgoblins
  12 kobolds
  4 quokkas
  4 bats
  A frilled lizard (D:1)
  17 goblins
  4 rats
173 creatures vanquished.

Vanquished Creatures (collateral kills)
  A wight (D:7)
  An endoplasm (D:1)
  A giant cockroach (D:1)
  A goblin (D:1)
  A bat (D:2)
  A frilled lizard (D:1)
6 creatures vanquished.

Grand Total: 179 creatures vanquished

Notes
Turn   | Place    | Note
-------+----------+-------------------------------------------
     0 | D:1      | Ijustatesigmund the Deep Elf Necromancer began the quest
                  | for the Orb.
     0 | D:1      | Reached XP level 1. HP: 10/10 MP: 6/6
   111 | D:1      | Reached skill level 5 in Necromancy
   119 | D:1      | Reached XP level 2. HP: 16/16 MP: 5/8
   300 | D:1      | Reached skill level 1 in Fighting
   713 | D:2      | Reached XP level 3. HP: 20/20 MP: 8/10
   717 | D:2      | Learned a level 3 spell: Vampiric Draining
   869 | D:2      | Found a faded altar of an unknown god.
   926 | D:2      | Noticed Robin
   937 | D:2      | Killed Robin
  1348 | D:2      | Noticed Sigmund
  1357 | D:2      | Killed Sigmund
  1358 | D:2      | Reached skill level 5 in Spellcasting
  1358 | D:2      | Reached XP level 4. HP: 11/27 MP: 10/13
  1358 | D:2      | Reached XP level 5. HP: 13/31 MP: 10/14
  1726 | D:2      | Got the Parchment of the Fey Escort
  2128 | D:3      | Reached XP level 6. HP: 11/36 MP: 8/16
  2435 | D:3      | Found a blossoming altar of Fedhas.
  2436 | D:3      | Found a snail-covered altar of Cheibriados.
  2437 | D:3      | Found a basalt altar of Yredelemnul.
  2448 | D:3      | Found an iron altar of Okawaru.
  2451 | D:3      | Found a white marble altar of Elyvilon.
  2685 | D:3      | Found a hide-covered altar of Uskayaw.
  2730 | D:3      | Found a glowing golden altar of the Shining One.
  3584 | D:4      | Reached skill level 1 in Short Blades
  3771 | D:5      | Entered Level 5 of the Dungeon
  4361 | D:5      | Noticed an ice beast
  4373 | D:5      | Killed an ice beast
  4374 | D:5      | Reached XP level 7. HP: 7/41 MP: 5/18
  5099 | D:5      | Found a large runed translucent door.
  5100 | D:5      | Found a large runed translucent door.
  5563 | D:6      | Noticed Prince Ribbit
  5604 | D:6      | Killed Prince Ribbit
  5648 | D:6      | Learned a level 5 spell: Agony
  5678 | D:6      | Noticed a kobold demonologist
  5681 | D:6      | Noticed a rust devil
  5683 | D:6      | Reached XP level 8. HP: 24/46 MP: 7/21
  5921 | D:6      | Killed a kobold demonologist
  5922 | D:6      | Reached skill level 1 in Evocations
  6361 | D:7      | Reached skill level 5 in Dodging
  7274 | D:7      | Reached XP level 9. HP: 48/52 MP: 8/23
  7601 | D:6      | Found a staircase to the Ecumenical Temple.
  7610 | Temple   | Entered the Ecumenical Temple
  7720 | D:6      | Found a bloodstained altar of Trog.
  8100 | D:6      | Found a burning altar of Makhleb.
  8100 | D:6      | Found a shimmering altar of Xom.
  8106 | D:6      | Became a worshipper of Makhleb the Destroyer
  8119 | D:6      | Found an opulent altar of Gozag.
  8291 | D:8      | Noticed a troll
  8296 | D:8      | Noticed Grum
  8348 | D:7      | Killed a troll
  8349 | D:7      | Reached skill level 1 in Invocations
  8424 | D:7      | Upgraded the game from 0.30-a0-355-g4c39ff33d3 to
                  | 0.30-a0-358-g0d69a1922f
  8723 | D:8      | Reached skill level 1 in Shields
  8970 | D:8      | Killed Grum
  9275 | D:8      | Noticed Joseph
  9341 | D:8      | Killed Joseph
  9342 | D:8      | Reached skill level 10 in Spellcasting
  9342 | D:8      | Reached skill level 10 in Necromancy
  9673 | D:7      | Reached * piety under Makhleb
 10259 | D:7      | Reached XP level 10. HP: 15/46 MP: 26/26
 11139 | D:8      | Found a stormy altar of Qazlal.
 11228 | D:9      | Learned a level 3 spell: Swiftness
 11248 | D:9      | Noticed a two-headed ogre
 11249 | D:9      | Reached skill level 1 in Air Magic
 11398 | D:8      | Reached skill level 5 in Invocations
 11435 | D:9      | Noticed a two-headed ogre
 11507 | D:8      | HP: 1/84 [killer bee (6)]
 11507 | D:8      | Slain by a killer bee

Illustrated notes

Levels and vault maps discovered:
D:1:      scummos_arrival_simple_fountains, layout_rooms
D:2:      layout_loops_ring, shapermc_ecumenical_altar_gd,
          minmay_goblin_kobold_house, uniq_sigmund, uniq_robin
D:3:      layout_basic, minmay_overflow_temple_star_hex,
          nicolae_uskayaw_suspiria, tso_altar
D:4:      layout_loops_cross
D:5:      layout_basic, jmf_multi_god_temple2, minmay_stone_trees_medium
D:6:      layout_rooms, grunt_temple_overflow_champion_of_chaos,
          kennysheep_mini_moat, kennysheep_little_box,
          minmay_temple_entry_nine_rooms, uniq_prince_ribbit1
D:7:      layout_basic, skrybe_limestone_x
D:8:      minmay_goldmine, layout_rooms, mainiacjoe_overflow_alcove_4,
          uniq_joseph, uniq_grum
D:9:      hangedman_screamer, layout_rooms, lair_entry_dummy,
          biasface_ghost_orc_armoury, nrook_loot_triangle,
          mrwooster_statue_mirror, dreamdust_wishing_well, st_stairs_7
Temple:   hellmonk_temple_micro_hex

Skill      XL: |  1  2  3  4  5  6  7  8  9 10 |
---------------+-------------------------------+-----
Necromancy     | 5 6 7 8 10 | 10.3
Fighting       | 1 2 3 4 |  4.0
Spellcasting   | 5 6 7 8 10 | 10.4
Short Blades   | 1 2 |  2.3
Dodging        | 3 5 |  5.6
Evocations     | 3 |  3.5
Invocations    | 4 5 |  5.3
Shields        | 2 |  2.9
Air Magic      | 2 |  2.2
Stealth        | |  2.4

Action                   |  1- 3 |  4- 6 |  7- 9 | 10-12 || total
-------------------------+-------+-------+-------+-------++-------
Melee: Dagger            |    10 |    12 |   204 |     7 ||   233
       Falchion          |     5 |       |       |       ||     5
       Punch             |     1 |       |     2 |       ||     3
 Cast: Necrotise         |    65 |    79 |    80 |     7 ||   231
       Vampiric Draining |       |    13 |    69 |    21 ||   103
       Agony             |       |       |     5 |     4 ||     9
Evoke: Wand              |       |       |     6 |     4 ||    10
  Use: Scroll            |     3 |     9 |     8 |     1 ||    21
       Potion            |     1 |       |     9 |     1 ||    11
 Stab: Sleeping          |     1 |     1 |     1 |       ||     3
       Paralysed         |       |       |     9 |       ||     9
Armor: Robe              |     4 |     2 |     7 |       ||    13
       Steam dragon scal |       |       |    34 |     9 ||    43
Dodge: Dodged            |    14 |    18 |   204 |    30 ||   266
Block: Buckler           |       |       |    23 |    14 ||    37

Table legend: (Time is in decaauts)
 A = Elapsed time spent in this place.
 B = Non-inter-level travel time spent in this place.
 C = Inter-level travel time spent in this place.
 D = Time resting spent in this place.
 E = Time spent auto-exploring this place.
 F = Levels seen in this place.
 G = Mean time per level.
                   A        B        C        D        E       F      G
               +--------+--------+--------+--------+--------+-----+--------+
         Total |  11516 |  11150 |    366 |   4457 |   5208 |  10 | 1151.6 |
       Dungeon |  11502 |  11137 |    365 |   4457 |   5208 |   9 | 1278.0 |
        Temple |     13 |     13 |      0 |      0 |      0 |   1 |   13.0 |
               +--------+--------+--------+--------+--------+-----+--------+

Top non-repeatable levels by time:
     D:7: 2810 daAuts
     D:5: 1802 daAuts
     D:8: 1534 daAuts
     D:6: 1394 daAuts
     D:2: 1196 daAuts
     D:4: 986 daAuts
     D:3: 893 daAuts
     D:1: 703 daAuts
     D:9: 182 daAuts
  Temple: 13 daAuts
